 Dungeon Crawl Stone Soup version 0.23.0 (webtiles) character file.

Game seed: 15656184095891787318

88 Monsterracer the Chopper (level 4, -6/41 HPs)
             Began as a Hill Orc Chaos Knight on Feb 15, 2019.
             Was a Plaything of Xom.
             Splashed by a jelly's acid (10 damage)
             ... on level 2 of the Dungeon.
             The game lasted 00:01:40 (1356 turns).

Monsterracer the Chopper (Hill Orc Chaos Knight)    Turns: 1356, Time: 00:01:41

Health: -6/41      AC:  2    Str: 15    XL:     4   Next: 53%
Magic:  4/4        EV: 11    Int: 12    God:    Xom [....*.]
Gold:   55         SH:  0    Dex: 10    Spells: 3/3 levels left

rFire    . . .     SeeInvis .   a - +0 hand axe (chaos)
rCold    . . .     Gourm    .   (no shield)
rNeg     . . .     Faith    .   b - +2 leather armour
rPois    .         Spirit   .   (no helmet)
rElec    .         Reflect  .   (no cloak)
rCorr    .         Harm     .   d - +0 pair of gloves
MR       .....                  (no boots)
Stlth    +.........             (no amulet)
HPRegen  0.13/turn              (no ring)
MPRegen  0.09/turn              (no ring)

@: corroded
A: no striking features
a: Renounce Religion


You were on level 2 of the Dungeon.
You worshipped Xom.
You were a beloved toy of Xom.
You were not hungry.

You visited 1 branch of the dungeon, and saw 4 of its levels.

You collected 55 gold pieces.

Inventory:

Hand Weapons
 a - a +0 hand axe of chaos (weapon)
Armour
 b - a +2 leather armour (worn)
 d - a +0 pair of gloves (worn)
Scrolls
 f - a scroll of blinking {unknown}
 g - a scroll of fear {unknown}
Comestibles
 c - 2 rations
 h - a chunk of flesh


   Skills:
 + Level 4.4 Fighting
 + Level 4.8 Axes
 + Level 3.1 Armour
 + Level 1.7 Dodging


You had 3 spell levels left.
You didn't know any spells.
Your spell library was empty.

Dungeon Overview and Level Annotations

Branches:
Dungeon (4/15)             Temple (0/1) D:4

Altars:
Xom


Message History

You see here a jackal corpse.
You take 1 damage, and have 19/41 hp.
A kobold comes into view.
It is wielding a +2 whip of electrocution.
You feel sick.
The kobold shouts!
A hobgoblin comes into view. It is wielding a +0 club.
The kobold barely misses you.
You take 1 damage, and have 18/41 hp.
The hobgoblin shouts!
You hit the kobold. Lightning courses through the kobold!
You kill the kobold!
A rat comes into view.
You feel sick.
You see here a kobold corpse.
The quokka barely misses you.
You feel sick. The quokka barely misses you.
You take 1 damage, and have 17/41 hp.
The kobold hits you with a +2 whip of electrocution.
* * * LOW HITPOINT WARNING * * *
You take 4 damage, and have 13/41 hp.
Unknown command.
You feel sick. The quokka bites you.
* * * LOW HITPOINT WARNING * * *
You take 3 damage, and have 10/41 hp.
Unknown command.
The hobgoblin barely misses you. The rat bites you.
* * * LOW HITPOINT WARNING * * *
You take 3 damage, and have 7/41 hp.
Unknown command.
You feel sick.
You take 1 damage, and have 6/41 hp.
Press: ? - help, v - describe, . - travel
Here: a kobold, wielding a +2 whip of electrocution The floor.
Unknown command.
You hit the quokka.
The quokka is almost dead.
The quokka barely misses you. x2
You closely miss the quokka.
The quokka is almost dead.
The quokka misses you.
You barely miss the quokka.
The quokka is almost dead.
You feel sick.
The quokka bites you but does no damage.
You take 1 damage, and have 6/41 hp.
You closely miss the rat. You hit the quokka. You freeze the quokka.
You kill the quokka! "The weather's been a little too boring around here."
The rat barely misses you.
Unknown command.
You barely miss the rat. You hit the hobgoblin. You burn the hobgoblin.
The rat barely misses you. The hobgoblin hits you with a +0 club.
* * * LOW HITPOINT WARNING * * *
You take 1 damage, and have 5/41 hp.
Unknown command.
You closely miss the rat. You hit the hobgoblin.
Lightning courses through the hobgoblin!
You kill the hobgoblin!
The rat barely misses you. The rat closely misses you. The kobold misses you.
You hit the rat.
You kill the rat!
You hit the kobold.
You kill the kobold!
You feel sick.
You take 1 damage, and have 4/41 hp.
The worm completely misses you. The worm barely misses you.
You feel sick.
You take 1 damage, and have 4/41 hp.
You hear a distant slurping noise.
You feel sick.
You are no longer poisoned.
You take 1 damage, and have 3/41 hp.
A hobgoblin comes into view. It is wielding a +0 club.
The hobgoblin shouts!
You hear a shout!
The hobgoblin moves out of view.
A goblin comes into view.
The goblin shouts!
A jelly comes into view.
A kobold comes into view. It is wielding a -3 dagger.
A worm comes into view.
An adder comes into view.
The goblin hits you but does no damage.
A hobgoblin comes into view. It is wielding a +0 club.
The worm moves out of view.
The adder hisses angrily. "There, this looks better."
The goblin barely misses you. The goblin barely misses you.
Found a stone staircase leading up.
The jelly hits you but does no damage. The kobold hits you but does no damage.
The adder barely misses you.
A bat comes into view.
The jelly hits you.
* * * LOW HITPOINT WARNING * * *
The acid corrodes you!
You are splashed with acid!
You die...
Xom giggles madly!

#.# #.##.#
........
#.####.##.#
....#$..
........###
..O ##..
...#.#....# .#
... .#.#....#
.... .
#.#....# .!..
#.Kgg#
..#.#...J##
......S@w.#
....g.._...#
...........#
.............
..........####
..#.....<.#
..........#
...b.....#


You could see a worm, a jelly, an adder, 2 hobgoblins, a goblin, a bat and a
kobold.

Vanquished Creatures
  A scorpion (D:4)
  An adder (D:3)
  A worm (D:4)
  A dart slug (D:1)
  2 orcs (D:3)
  A bat (D:1)
  4 hobgoblins
  2 jackals
  3 kobolds
  2 quokkas (D:2)
  2 frilled lizards (D:1)
  A goblin (D:1)
  2 rats
23 creatures vanquished.

Notes
Turn   | Place    | Note
-------+----------+-------------------------------------------
     0 | D:1      | Monsterracer the Hill Orc Chaos Knight began the quest for
                  | the Orb.
     0 | D:1      | Reached XP level 1. HP: 19/19 MP: 1/1
   367 | D:1      | XOM: silly message
   421 | D:1      | Reached skill level 1 in Dodging
   458 | D:1      | Reached XP level 2. HP: 27/27 MP: 2/2
   809 | D:1      | XOM: harmless Pois miscast
   894 | D:2      | XOM: harmless Erth miscast
   919 | D:2      | Noticed an ogre
   920 | D:2      | You fall through a shaft for 2 floors!
   925 | D:4      | Noticed a scorpion
   933 | D:4      | XOM is BORED!
   933 | D:4      | XOM: swap monsters
   936 | D:4      | Killed a scorpion
   936 | D:4      | Reached XP level 3. HP: 29/33 MP: 3/3
   936 | D:4      | Reached XP level 4. HP: 35/40 MP: 4/4
  1136 | D:4      | Found a staircase to the Ecumenical Temple.
  1146 | D:3      | XOM: 8-stop teleportation journey
  1296 | D:3      | XOM: cast spell 'Cause Fear'
  1298 | D:3      | HP: 20/41 [poisoned by an orc]
  1303 | D:3      | HP: 13/41 [poisoned by an orc]
  1308 | D:3      | HP: 10/41 [poisoned by an orc]
  1317 | D:2      | HP: 20/41 [poisoned by an orc]
  1322 | D:2      | HP: 18/41 [poisoned by an orc]
  1328 | D:2      | HP: 7/41 [rat (3)]
  1333 | D:2      | XOM: fog
  1334 | D:2      | HP: 5/41 [hobgoblin/+0 club (1)]
  1340 | D:2      | HP: 4/41 [poisoned by an orc]
  1353 | D:2      | XOM: scenery: create altars
  1356 | D:2      | HP: 4/41 [jelly (1)]
  1356 | D:2      | Splashed by a jelly's acid

Skill      XL: |  1  2 |
---------------+-------+-----
Dodging        | 1 |  1.7
Fighting       | 4 |  4.4
Armour         | 3 |  3.1
Axes           | |  4.8

Action                   |  1- 3 |  4- 6 || total
-------------------------+-------+-------++-------
Melee: Hand axe          |    32 |    37 ||    69
  Use: Potion            |       |     1 ||     1
 Stab: Confused          |       |     1 ||     1
  Eat: Chunk             |       |     1 ||     1
Armor: Leather armour    |    13 |    12 ||    25
Dodge: Dodged            |    16 |    36 ||    52

Levels and vault maps discovered:
D:1:      dpeg_arrival_circle_labyrinth_a, layout_loops_corners,
          corexii_corridor_pit
D:2:      layout_basic
D:3:      layout_rooms, lemuel_doored_altar,
          chequers_temple_overflow_statue_of_worship, uniq_jessica
D:4:      layout_basic, gammafunk_temple_overflow_claw,
          minmay_temple_entry_mini_moons
